 Dungeon Crawl Stone Soup version 0.29.1-12-g30fa7ad0bf (webtiles) character file.

Game seed: 10520207794719548051

282 hawla the Firebug (level 6, -8/46 HPs)
             Began as a Meteoran Fire Elementalist on Jan 9, 2023.
             Mangled by an ogre
             ... wielding a +0 giant club
              (13 damage)
             ... on level 4 of the Dungeon.
             The game lasted 00:04:55 (779 turns).

hawla the Firebug (Meteoran Fire Elementalist)       Turns: 779, Time: 00:04:56

Health: -8/46      AC:  4    Str: 15    XL:     6   Next: 84%
Magic:  1/13       EV: 13    Int: 19    God:
Gold:   72         SH:  0    Dex: 15    Spells: 6/13 levels left

rFire   . . .      SeeInvis .   (no weapon)
rCold   . . .      Faith    .   (no shield)
rNeg    . . .      Spirit   .   a - +0 robe
rPois   .          Reflect  .   d - +0 helmet
rElec   .          Harm     .   c - +0 cloak
rCorr   .          Rampage  .   (no gloves)
Will    .....                   (no boots)
Stlth   +.........              (no amulet)
HPRegen 0.15/turn               b - +6 ring of strength
MPRegen 0.13/turn               (no ring)

@: very slightly contaminated, glowing
A: sense surroundings 1, otherworldly, glowing, explore regen
a: no special abilities


You were on level 4 of the Dungeon.
You visited 1 branch of the dungeon, and saw 4 of its levels.

You collected 72 gold pieces.

Inventory:

Armour
 a - a +0 robe (worn)
 c - a +0 cloak (worn)
 d - a +0 helmet (worn)
Jewellery
 b - a +6 ring of strength (left hand)
Wands
 i - a wand of flame (15)
 k - a wand of roots (8)
Potions
 e - a potion of cancellation {unknown}
 g - a potion of might {unknown}
 h - 2 potions of curing
 j - 3 potions of brilliance {unknown}
 m - a potion of attraction {unknown}
 n - a potion of resistance {unknown}
 o - a potion of mutation {unknown}


   Skills:
 + Level 0.3 Fighting
 + Level 3.1 Dodging
 - Level 1.4 Stealth
 + Level 4.2 Spellcasting
 + Level 5.0 Conjurations
 + Level 5.1 Fire Magic


You had 6 spell levels left.
You knew the following spells:

 Your Spells              Type           Power      Damage    Failure   Level
a - Foxfire               Conj/Fire      92%        2x1d8     1%          1
b - Scorch                Fire           46%        2d7       2%          2
c - Flame Wave            Conj/Fire      23%        2d8       17%         4

Your spell library contained the following spells:

 Spells                   Type           Power      Damage    Failure   Level
 Conjure Flame            Conj/Fire      23%        6-21      4%          3
 Static Discharge         Conj/Air       13%        3-5/arc   7%          2
 Apportation              Tloc           8%         N/A       14%         1
 Inner Flame              Hex/Fire       13%        N/A       14%         3
 Lightning Bolt           Conj/Air       6%         1d18      78%         5
 Alistair's Intoxication  Tmut/Pois      2%         N/A       98%         5
 Maxwell's Capacitive Co  Air            2%         ∞         100%        8


Dungeon Overview and Level Annotations

Branches:
Dungeon (4/15) Zot: 1621
 Temple: D:4-7

Altars:
Ashenzari

Annotations:
D:4 Natasha


Innate Abilities, Weirdness & Mutations

You passively map a small area around you.
You are easily found by Zot.
You glow in the dark.
You regain HP and MP as you explore.


Message History

Casting: Foxfire (safe; 1% risk of failure)
Confirm with . or Enter, or press ? or * to list all spells.
You conjure some foxfire!
The foxfire hits the orc.
The orc is almost dead.
The foxfire hits the orc!
You kill the orc!
The foxfire hits the orc.
The orc is moderately wounded.
The foxfire hits the orc!
You kill the orc!
The ogre shouts!
The ogre hits you with a +0 giant club!!
Casting: Foxfire (safe; 1% risk of failure)
Confirm with . or Enter, or press ? or * to list all spells.
Flames lash the ogre.
The ogre is heavily wounded.
The ogre's fire resistance burns away.
Casting: Scorch (safe; 2% risk of failure)
Confirm with . or Enter, or press ? or * to list all spells.
Flames lash the ogre.
The ogre is burned terribly!
The ogre is severely wounded.
The ogre hits you with a +0 giant club!!
* * * LOW HITPOINT WARNING * * *
Unknown command.
Casting: Scorch (safe; 2% risk of failure)
Confirm with . or Enter, or press ? or * to list all spells.
You miscast Scorch.
You are very lightly contaminated with residual magic.
Nothing appears to happen.
The ogre hits you with a +0 giant club.
* * * LOW HITPOINT WARNING * * *
Natasha, Servant of Life and Death comes into view.
As you read the scroll labelled ZORO WIUCOLAMM, it crumbles to dust.
You hear a loud clanging noise!
It was a scroll of noise.
Natasha hisses.
As you read the scroll labelled VANEMUEZOL, it crumbles to dust.
You feel aware of your surroundings.
It was a scroll of magic mapping.
The ogre closely misses you. The ogre attacks as you move away!
The ogre hits you with a +0 giant club!
You die...

.§.#*******,*****,* §≈.#
*,**,,,>* ≈≈.# *,**,**** ######
≈§.# *,*#.#############..... ≈§.#
****,,......)........(###. ≈§.#
*,,,.##.#####)######.## #. ≈≈.##
*,**......h...)#####.####.
§.§.####,**###.##O#..)#..........
§§......,* #.#@###.............
...#****** #.##.#..†#.###.#.##.
§..# #.###.#....# #...##. ...#
#.# #.##.#.# ###§##. ...# #.#
#.##.#.#####.##. ..)# #.#
#.##.........##. ...### #.#
#.####.#####.##. .....#########.#
#.# #.# #.##.
.#.#...........###.# #.#####†##.


You could see an ogre (combustible) and Natasha.

Vanquished Creatures
  2 scorpions (D:4)
  2 orc wizards (D:4)
  Natasha (twice) (D:4)
  3 adders
  7 orcs (D:4)
  3 endoplasms (D:4)
  2 giant cockroaches
  7 goblins
  5 hobgoblins
  2 bats
  2 frilled lizards (D:3)
  4 kobolds
  A rat (D:2)
42 creatures vanquished.

Vanquished Creatures (others)
  102 foxfires
102 creatures vanquished.

Grand Total: 144 creatures vanquished

Notes
Turn   | Place    | Note
-------+----------+-------------------------------------------
     0 | D:1      | hawla the Meteoran Fire Elementalist began the quest for
                  | the Orb.
     0 | D:1      | Reached XP level 1. HP: 14/14 MP: 5/5
    84 | D:1      | Reached XP level 2. HP: 16/20 MP: 3/6
   137 | D:2      | Learned a level 2 spell: Scorch
   237 | D:3      | Reached XP level 3. HP: 23/26 MP: 0/8
   273 | D:4      | Noticed a scorpion
   276 | D:4      | Reached XP level 4. HP: 33/33 MP: 3/10
   283 | D:4      | Killed a scorpion
   284 | D:4      | Reached XP level 5. HP: 38/38 MP: 6/12
   289 | D:4      | Learned a level 4 spell: Flame Wave
   586 | D:4      | Found a broken altar of Ashenzari.
   605 | D:4      | Noticed an ogre
   616 | D:4      | Reached XP level 6. HP: 11/45 MP: 0/13
   697 | D:4      | Noticed Natasha
   703 | D:4      | Killed Natasha
   717 | D:4      | Reached skill level 5 in Fire Magic
   750 | D:4      | Noticed Natasha
   755 | D:4      | Killed Natasha
   756 | D:4      | Reached skill level 5 in Conjurations
   776 | D:4      | Noticed Natasha
   779 | D:4      | Mangled by an ogre

Illustrated notes

Levels and vault maps discovered:
D:1:      roderic_chinese_lattice_arrival, layout_basic,
          dreamdust_ecumenical_altar_statues, serial_bayou_ford_a
D:2:      layout_basic, minmay_hedge_maze
D:3:      layout_rooms
D:4:      layout_loops_ring, mainiacjoe_overflow_catwalk, minmay_crystal_water,
          minmay_distorted, uniq_natasha

Skill      XL: |  1  2  3  4  5  6 |
---------------+-------------------+-----
Spellcasting   | 3 4 |  4.2
Fire Magic     | 4 5 |  5.1
Dodging        | 3 |  3.1
Conjurations   | 2 4 5 |  5.0
Fighting       | |  0.3
Stealth        | |  1.4

Action                   |  1- 3 |  4- 6 || total
-------------------------+-------+-------++-------
Melee: Unarmed           |    13 |     6 ||    19
 Cast: Foxfire           |    36 |    31 ||    67
       Scorch            |       |    14 ||    14
       Flame Wave        |       |     1 ||     1
  Use: Scroll            |     2 |     2 ||     4
       Potion            |       |     2 ||     2
Armor: Robe              |     4 |     7 ||    11
Dodge: Dodged            |     7 |    11 ||    18
